AoeStats
← Lukitasmdp150

Golden Pit

509766369Analyzed
1v1 RM · 4d ago on Sep 27, 2026· 45m 45s· 2 players
Game mode
Random Map
Map size
Tiny (2 player)
Population
200
Speed
Normal
Resources
Standard
Victory
Conquest
Starting age
Dark Age
Ending age
Imperial Age
RankedLock teamsTeams togetherTeam positionsShared explorationLock speedFull tech treeHidden civsTurbo modeCheats
Victory
Defeat
🇧🇷 Japanese · Brazil
926
+15
🇦🇷 Bohemians · Argentina
899
-24
Lukitasmdp150
6:03 Loom
10:49 Feudal Age
11:27 Horse Collar
20:00 Double-Bit Axe
24:33 Fletching
28:24 Castle Age
28:41 Crossbowman
29:24 Bodkin Arrow
30:35 Wheelbarrow
32:39 Padded Archer Armor
35:03 Bow Saw
41:12 Imperial Age
39:38 Ballistics
41:43 Chemistry
bleal86
10:54 Feudal Age
10:59 Man-at-Arms
11:48 Double-Bit Axe
14:59 Arson
14:59 Horse Collar
17:45 Loom
21:15 Castle Age
20:38 Gold Mining
22:28 Bow Saw
27:01 Wheelbarrow
26:14 Town Watch
27:16 Heavy Plow
28:54 Stone Mining
30:55 Hand Cart
31:44 Gambesons
32:00 Squires
32:41 Long Swordsman
37:36 Imperial Age
36:18 Town Patrol
38:09 Scale Mail Armor
38:45 Kataparuto
38:27 Yasama
38:18 Capped Ram
39:48 Two-Handed Swordsman
41:12 Hoardings
39:58 Elite Samurai
41:53 Champion
Connection lost

Rejoining the realm…

Still unreachable

The connection could not be restored.

Session expired

The server has moved on; the page needs a fresh start.